 Dungeon Crawl Stone Soup version 0.31.0-32-g396128a36d (webtiles) character file.

Game seed: 5210896591889656847

912 NerdRage255 the Cudgeller (level 7, 0/56 (63) HPs)
             Began as a Minotaur Berserker on Mar 25, 2024.
             Was a Priest of Trog.
             Killed by divine providence
             ... invoked by Jeremiah
              (13 damage)
             ... on level 7 of the Dungeon.
             The game lasted 00:17:24 (4800 turns).

NerdRage255 the Cudgeller (Minotaur Berserker)      Turns: 4800, Time: 00:17:27

HP:   0/56 (63)     AC: 12    Str: 22    XL:     7   Next: 82%
MP:   6/6           EV:  7    Int:  6    God:    Trog [***...]
Gold: 322           SH:  0    Dex:  9    Spells: 6/6 levels left

rFire   . . .        n - +1 flail (venom)
rCold   . . .        (no shield)
rNeg    + . .        b - +0 plate armour
rPois   .            (helmet restricted)
rElec   .            (no cloak)
rCorr   .            (no gloves)
SInv    .            (no boots)
Will    .....        (no amulet) Stlth
                     i - ring of positive energy
HPRegen 0.29/turn    m - +4 ring of slaying
MPRegen 0.10/turn

%: no passive effects
@: on berserk cooldown, slowed, heavily drained, very slow
A: horns 2, retaliatory headbutt
a: Renounce Religion, Berserk, Trog's Hand


You were on level 7 of the Dungeon.
You worshipped Trog.
Trog was most pleased with you.
You visited 1 branch of the dungeon, and saw 7 of its levels.
You also visited: Sewer.

You collected 322 gold pieces.

Inventory:

Hand Weapons
 a - a +1 hand axe of venom
 n - a +1 flail of venom (weapon)
 p - a +0 halberd
Missiles
 c - 46 stones (quivered)
 h - 6 poisoned darts
Armour
 b - a +0 plate armour (worn)
Jewellery
 i - a ring of positive energy (left hand)
 m - a +4 ring of slaying (right hand)
 x - a ring of protection from fire
Talismans
 k - a dragon-blood talisman
 r - a beast talisman
Scrolls
 d - 2 scrolls of teleportation
 e - 2 scrolls of blinking
 j - a scroll of revelation
 l - 5 scrolls of identify
 t - a scroll of poison {unknown}
 u - a scroll of enchant weapon
 v - a scroll of immolation
Potions
 f - 4 potions of curing {unknown}
 g - a potion of might {unknown}
 o - a potion of attraction {unknown}
 q - a potion of enlightenment {unknown}
 s - a potion of brilliance {unknown}
 w - a potion of degeneration {unknown}


   Skills:
 + Level 6.1 Fighting
 - Level 4.6(6.3) Axes
 * Level 6.5(7.2) Maces & Flails
 + Level 0.2 Throwing
 + Level 5.9 Armour
 + Level 3.1 Dodging


You had 6 spell levels left.
You didn't know any spells.
Your spell library was empty.

Dungeon Overview and Level Annotations

Branches:
Dungeon (8/15)             Temple (0/1) D:5           Sewer (visited)
   Lair: D:8-11

Altars:
Sif Muna
The Shining One

Shops:
D:2 [   D:3 *

Annotations:
D:7 Jeremiah


Innate Abilities, Weirdness & Mutations

You have a pair of horns on your head.
You reflexively headbutt those who attack you in melee.


Message History

Jeremiah barely misses you.
You feel a strong urge to attack something.
You are no longer berserk.
You are exhausted.
You feel yourself slow down.
Jeremiah hops!
The butterfly disappears in a burst of colours!
You feel the effects of Trog's Hand fading.
The butterfly disappears in a burst of colours!
Jeremiah barely misses you. Jeremiah closely misses you.
You miss the butterfly.
The butterfly disappears in a burst of colours! x3
Jeremiah hits you from afar with a +4 trident of draining!
You partially resist.
You feel drained.
Jeremiah lets out a twisted cry.
Something smites you!
Jeremiah hits you with a +4 trident of draining!
You partially resist.
You feel drained.
You sock Jeremiah!
Jeremiah is poisoned.
You headbutt Jeremiah.
Jeremiah is heavily wounded.
Your skin stops crawling.
You feel less strong-willed.
The butterfly disappears in a burst of colours! x2
Jeremiah hits you with a +4 trident of draining.
You partially resist.
You feel drained.
You closely miss Jeremiah. You headbutt Jeremiah.
Jeremiah is heavily wounded.
The butterfly disappears in a burst of colours! x3
Jeremiah hits you with a +4 trident of draining!
* * * LOW HITPOINT WARNING * * *
You partially resist.
You feel drained.
* * * LOW HITPOINT WARNING * * *
Jeremiah hits you with a +4 trident of draining.
* * * LOW HITPOINT WARNING * * *
You partially resist.
You feel drained.
You completely miss Jeremiah.
Jeremiah is heavily wounded.
The butterfly disappears in a burst of colours!
Jeremiah cries, "Fearful master, protect me!"
Something smites you!
You die...
Jeremiah wails, "I didn't mean to kill anyone!
I'm not a murderer!"

..# #.######.
#######.......#
........b......
.≈§"≈°.$..........
.≈≈§≈≈b.............
.≈☼_○≈bFb.b.........
.≈§°≈≈b@b...........
.≈≈bb≈bb............
...§.b....b..........
........b.?..........
....b...............
.b.b...†..b....#..#
...........#......##
..........##.#.....# #.
.........###[#...#.#...


You could see Jeremiah (very poisoned).

Vanquished Creatures
  Duvessa (D:7)
  A sky beast (D:8)
  3 bullfrogs
  A scorpion (D:4)
  Dowan (D:7)
  A hound (D:8)
  A bombardier beetle (D:4)
  An orc priest (D:3)
  4 iguanas
  An orc wizard (D:7)
  3 gnolls
  An adder (D:4)
  4 ribbon worms
  10 dart slugs
  14 orcs
  4 endoplasms
  12 giant cockroaches
  7 goblins
  10 hobgoblins
  6 quokkas (D:3)
  12 ball pythons
  5 bats
  13 frilled lizards
  9 kobolds
  5 rats
130 creatures vanquished.

Notes
Turn   | Place    | Note
-------+----------+-------------------------------------------
     0 | D:1      | NerdRage255 the Minotaur Berserker began the quest for the
                  | Orb.
     0 | D:1      | Reached XP level 1. HP: 19/19 MP: 0/0
   116 | D:1      | Reached XP level 2. HP: 23/27 MP: 1/1
   576 | D:1      | Found a faded altar of an unknown god.
   940 | D:2      | Reached ** piety under Trog
  1072 | D:2      | Reached XP level 3. HP: 26/33 MP: 2/2
  1217 | D:2      | Found a glowing golden altar of the Shining One.
  1340 | D:2      | Found Hem Len's Antique Armour Shop.
  2020 | D:3      | Found a glowing drain.
  2044 | Sewer    | Entered a sewer
  2098 | Sewer    | Reached XP level 4. HP: 32/40 MP: 3/3
  2167 | Sewer    | Reached *** piety under Trog
  2247 | Sewer    | Reached skill level 1 in Maces & Flails
  2277 | Sewer    | Noticed a bullfrog
  2279 | Sewer    | Noticed a bullfrog
  2289 | Sewer    | Killed a bullfrog
  2290 | Sewer    | Reached XP level 5. HP: 41/47 MP: 4/4
  2294 | Sewer    | Reached skill level 5 in Fighting
  2679 | D:3      | Reached XP level 6. HP: 56/56 MP: 5/5
  2806 | D:3      | Found Hopnouch's General Store.
  4013 | D:5      | Entered Level 5 of the Dungeon
  4027 | D:4      | Reached skill level 5 in Armour
  4441 | D:5      | Found a staircase to the Ecumenical Temple.
  4449 | D:5      | Reached XP level 7. HP: 56/62 MP: 6/6
  4582 | D:5      | You fall into a shaft and drop 2 floors!
  4656 | D:7      | Noticed Duvessa
  4658 | D:7      | Noticed Dowan
  4689 | D:8      | Reached skill level 5 in Maces & Flails
  4724 | D:7      | Killed Duvessa
  4768 | D:7      | Killed Dowan
  4785 | D:7      | Found a shimmering blue altar of Sif Muna.
  4785 | D:7      | Noticed Jeremiah
  4800 | D:7      | Killed from afar by Jeremiah

Illustrated notes

Levels and vault maps discovered:
D:1:      dpeg_arrival_rhombi, layout_basic,
          hellmonk_ecumenical_altar_leap_of_faith
D:2:      layout_basic, serial_shops, shop, basic_altar
D:3:      layout_basic, portal_sewer_entry_f, serial_shops,
          nicolae_shop_real_fake_doors, st_stairs_7
D:4:      layout_gridville, nrook_loot_triangle
D:5:      layout_rooms, elyvilon_altar_5, minmay_temple_entry_stoned_glass
D:7:      layout_rooms, nicolae_sif_muna_condensation,
          ebering_ghost_rock_garden, uniq_jeremiah, uniq_duvessa, uniq_menkaure
D:8:      layout_rooms, moated_statue

Skill      XL: |  1  2  3  4  5  6  7 |
---------------+----------------------+-----
Axes           | 4 |  4.6
Fighting       | 4 5 6 |  6.1
Armour         | 3 4 5 |  5.9
Maces & Flails | 1 2 4 6 |  6.5
Dodging        | 3 |  3.1
Throwing       | |  0.2

Action                     |  1- 3 |  4- 6 |  7- 9 || total
---------------------------+-------+-------+-------++-------
  Melee: Hand axe          |    93 |    73 |       ||   166
         Headbutt          |    17 |    18 |     5 ||    40
         Punch             |       |     2 |       ||     2
         Flail             |       |    54 |    29 ||    83
  Throw: Stone             |     3 |       |       ||     3
 Invoke: Berserk           |       |     2 |     3 ||     5
         Trog's Hand       |       |       |     1 ||     1
    Use: Scroll            |     7 |       |       ||     7
 Armour: Leather armour    |    25 |       |       ||    25
         Animal skin       |     1 |       |       ||     1
         Ring mail         |    17 |       |       ||    17
         Plate armour      |     9 |   135 |    34 ||   178
  Dodge: Dodged            |    58 |    47 |    16 ||   121
